 Dungeon Crawl Stone Soup version 0.13-a0-2641-gc68e7bd (webtiles) character file.

44220 Malachi the Grappler (level 14, -8/84 HPs)
             Began as a Gargoyle Monk on Aug 7, 2013.
             Was a High Priest of Cheibriados.
             Mangled by a death yak (22 damage)
             ... on Level 7 of the Lair of Beasts.
             The game lasted 00:45:33 (21341 turns).

Malachi the Grappler (Gargoyle Monk)               Turns: 21341, Time: 00:45:33

HP  -8/84        AC 12     Str 37      XL: 14   Next: 21%
MP  32/37        EV 25     Int 26      God: Cheibriados [*****.]
Gold 1430        SH  0     Dex 24      Spells:  0 memorised, 13 levels left

Res.Fire  : . . .   See Invis. : .     - Unarmed
Res.Cold  : + . .   Warding    : .   p - +0 robe "Xoqyrukk" {Str+5 Int+3 Acc+2}
Life Prot.: + . .   Conserve   : .   (no shield)
Res.Poison: +       Res.Corr.  : .   (no helmet)
Res.Elec. : +       Clarity    : .   m - +0 cloak
Sust.Abil.: . .     Spirit.Shd : .   (no gloves)
Res.Mut.  : .       Stasis     : .   (no boots)
Res.Rott. : +       Flight     : .   Z - amulet of faith
Saprovore : . . .                    L - ring of Winter {MP+9 Acc+2}
                                     I - ring of protection from cold

@: very slow, somewhat resistant to hostile enchantments, extremely stealthy
A: large and strong wings, fangs 1, talons 2, life protection 1, electricity
resistance, slow metabolism 1, unbreathing, petrification resistance, AC +9
a: Fly, Bend Time, Temporal Distortion, Slouch, Step From Time, Renounce
Religion


You were on level 7 of the Lair of Beasts.
You worshipped Cheibriados.
Cheibriados was exalted by your worship.
You were hungry.

You visited 3 branches of the dungeon, and saw 18 of its levels.
You also visited: Ossuary.

You collected 1430 gold pieces.

Inventory:

Hand weapons
 S - the +3,+9 falchion of Corporal Punishment {holy, rN+ Stlth--}
   (You took it off an orc wizard on level 9 of the Dungeon)

   It has been blessed by the Shining One to cause great damage to the undead
   and demons.
   It protects you from negative energy.
   It makes you much less stealthy.
Armour
 c - a +1 wizard hat
 m - a +0 cloak (worn)
 p - the +0 robe "Xoqyrukk" (worn) {Str+5 Int+3 Acc+2}
   (You found it on level 8 of the Dungeon)

   It affects your strength (+5).
   It affects your intelligence (+3).
   It affects your accuracy (+2).
 s - a +2 robe of cold resistance
 G - a +0 troll leather armour
Magical devices
 g - a wand of disintegration (11)
 n - a wand of digging (16)
 T - a wand of digging (9)
Comestibles
 b - 6 bread rations
 j - 5 meat rations
 r - a lychee
 v - 2 pears
 w - 4 chokos
 O - an apple
 P - a beef jerky
Scrolls
 d - 2 scrolls of enchant weapon II
 e - 9 scrolls of teleportation
 k - a scroll of fog
 t - 11 scrolls of remove curse
 y - 2 scrolls of enchant armour
 z - 2 scrolls of curse weapon
 A - 3 scrolls of enchant weapon I
 B - 4 scrolls of amnesia
 C - 2 scrolls of fear
 J - 5 scrolls of magic mapping
 R - a scroll of blinking
Jewellery
 a - an uncursed ring of see invisible
 i - an uncursed ring of ice
 u - an uncursed ring of sustain abilities
 H - an uncursed ring of magical power
 I - a ring of protection from cold (left hand)
 L - the ring of Winter (right hand) {MP+9 Acc+2}
   (You found it on level 5 of the Lair of Beasts)

   [ring of magical power]

   It affects your accuracy (+2).
 Z - an amulet of faith (around neck)
Potions
 h - 15 potions of curing
 o - 4 potions of heal wounds
 q - 3 potions of agility
 x - 3 potions of magic
 E - a potion of might
 F - 4 potions of restore abilities
 K - 4 potions of flight
 Q - a potion of brilliance
 V - a potion of strong poison {unknown}
 W - a potion of resistance
Books
 f - a book of the Warp

   Spells                             Type                      Level
   Recall                             Summoning/Translocation      3
   Control Teleport                   Charms/Translocation         4
   Phase Shift                        Translocation                5
   Warp Weapon                        Charms/Translocation         5
   Dispersal                          Translocation                6
   Controlled Blink                   Translocation                7
   Disjunction                        Translocation                8
 l - a book of the Sky

   Spells                             Type                      Level
   Flight                             Charms/Air                   3
   Airstrike                          Air                          4
   Silence                            Hexes/Air                    5
   Deflect Missiles                   Charms/Air                   6
   Conjure Ball Lightning             Conjuration/Air              7
   Tornado                            Air                          9
 D - a book of Necromancy

   Spells                             Type                      Level
   Pain                               Necromancy                   1
   Animate Skeleton                   Necromancy                   1
   Lethal Infusion                    Charms/Necromancy            2
   Vampiric Draining                  Necromancy                   3
   Regeneration                       Charms/Necromancy            3
   Animate Dead                       Necromancy                   4
   Control Undead                     Necromancy                   4
 N - a book of Maledictions

   Spells                             Type                      Level
   Corona                             Hexes                        1
   Sure Blade                         Hexes/Charms                 2
   Ensorcelled Hibernation            Hexes/Ice                    2
   Confuse                            Hexes                        3
   Enslavement                        Hexes                        4
   Invisibility                       Hexes                        6
 U - a book of Power

   Spells                             Type                      Level
   Iskenderun's Mystic Blast          Conjuration                  4
   Venom Bolt                         Conjuration/Poison           5
   Bolt of Magma                      Conjuration/Fire/Earth       5
   Fulminant Prism                    Conjuration/Hexes            5
   Iron Shot                          Conjuration/Earth            6
   Orb of Destruction                 Conjuration                  7
 X - a book of Alchemy

   Spells                             Type                      Level
   Lethal Infusion                    Charms/Necromancy            2
   Sublimation of Blood               Necromancy                   2
   Condensation Shield                Ice                          4
   Alistair's Intoxication            Transmutation/Poison         4
   Petrify                            Transmutation/Earth          4
   Ignite Poison                      Fire/Transmutation           5
Miscellaneous
 M - a lamp of fire


   Skills:
 + Level 9.9 Fighting
 + Level 11.7 Dodging
 + Level 10.4 Stealth
 + Level 13.3 Unarmed Combat
 * Level 12.2 Invocations


You had 13 spell levels left.
You didn't know any spells.

Dungeon Overview and Level Annotations

Branches:
Dungeon (10/27)            Temple (0/1) D:6            Lair (7/8) D:10
 Shoals (0/5) Lair:5       Spider (1/5) Lair:5
    Orc: D:6-11       Slime: Lair:6-8

Altars:
Cheibriados
Elyvilon
Fedhas
Okawaru
Trog
Xom

Shops:
D:8: (

Annotations
D:6 exclusion: oklob plant


Innate Abilities, Weirdness & Mutations

You are resistant to torment.
You are immune to poison.
You can fly continuously.
Your stone body is very resilient (AC +9).
Your wings are large and strong.
You have very sharp teeth.
You have razor-sharp toenails.
You resist negative energy.
You are resistant to electric shocks.
You have a slow metabolism.
You can survive without breathing.
You are immune to petrification.


Message History

The death yak barely misses you.
The blink frog blinks!
You punch the death yak!
You claw the death yak, but do no damage.
The death yak is heavily wounded.
The blink frog blinks!
The death yak gores you!
* * * LOW HITPOINT WARNING * * *
You completely miss the death yak. You claw the death yak!
You bite the death yak, but do no damage.
The death yak is severely wounded.
The blink frog blinks!
Use which ability? (? or * to list)
You can feel time thicken for a moment.
You kill the blink frog!
Cheibriados thoroughly appreciates the change of pace.
You kill the blink frog!
Cheibriados thoroughly appreciates the change of pace.
You are feeling hungry.
Cheibriados reduces the support of your attributes as your movement quickens.
The death yak gores you!
You die...

..f.................
#.................
#...........#.....
##.........#...P.f
#.#....#####..<.
#%.%### ..#. ###....#
## ###......### f.
#........%@# #...
#........Y####..F§.F
..........f.....F.F..
..........F...#.Y...F
?#............+ .Y.
###...#.##.##... .
##...##.## ##.# #...
## ..


ff.. You could see a death yak and a blink frog.

Vanquished Creatures
  Gastronok (Lair:1)
  Fannar (D:10)
  5 hydras
  3 death yaks (Lair:7)
  A sea snake (Lair:5)
  A hill giant (D:10)
  Pikel (D:8)
  Joseph (D:9)
  A griffon (Lair:6)
  2 wolf spiders (Spider:1)
  A red wasp (Spider:1)
  6 elephants (Lair:6)
  Maurice (D:9)
  2 black mambas
  A queen ant (Spider:1)
  A demonic crawler (Spider:1)
  4 spiny frogs
  Psyche (D:8)
  A fire drake (Lair:3)
  A jumping spider (Spider:1)
  3 trolls (D:9)
  4 orb spiders (Spider:1)
  5 komodo dragons
  12 blink frogs
  2 basilisks
  5 redbacks (Spider:1)
  25 yaks
  6 tarantellas (Spider:1)
  2 elephant slugs
  A steam dragon (Lair:5)
  16 wolves
  A wyvern (D:10)
  8 hippogriffs
  A deep elf fighter (D:10)
  4 porcupines
  20 soldier ants (Spider:1)
  A slave (D:8)
  4 necrophages (Lair:2)
  2 orc warriors (D:9)
  A yellow wasp (D:9)
  8 centaurs
  2 phantoms (D:10)
  5 ice beasts
  A black bear (Lair:1)
  3 ogres
  3 boring beetles
  6 crocodiles
  A giant goldfish (Lair:2)
  Duvessa (D:9)
  7 water moccasins
  11 giant slugs
  14 giant frogs
  A big kobold (D:9)
  5 agate snails
  2 eyes of draining (D:8)
  2 jellyfish (Lair:2)
  A yak zombie (D:9)
  8 wights
  7 electric eels (Lair:3)
  2 goliath beetles (D:7)
  7 crimson imps
  Dowan (D:9)
  7 spiders (Spider:1)
  A giant frog skeleton (D:6)
  6 iguanas
  7 big fish (Lair:3)
  11 hounds
  Crazy Yiuf (D:2)
  A water moccasin zombie (D:10)
  2 orc priests
  7 orc wizards
  3 scorpions
  25 worker ants
  A two-headed ogre skeleton (D:10)
  6 sheep (Lair:6)
  11 jellies
  10 mummies (Ossuary)
  8 gnolls
  2 worker ant zombies
  12 adders
  6 giant centipedes
  44 green rats
  A giant mite (D:7)
  8 worms
  A giant eyeball (D:4)
  13 oozes
  28 orcs
  32 bats
  A bat skeleton (D:4)
  8 giant cockroaches
  16 goblins
  23 hobgoblins
  14 quokkas
  4 ball pythons
  7 giant geckos
  A giant gecko zombie (D:6)
  6 giant newts
  2 giant spores
  3 gnoll zombies (Ossuary)
  2 hobgoblin zombies (Ossuary)
  15 jackals
  18 kobolds
  2 kobold zombies (Ossuary)
  2 orc zombies
  A quokka zombie (D:7)
  42 rats
  2 rat skeletons
  A rat zombie (D:7)
  5 ballistomycetes
  5 fungi
  A plant (D:10)
692 creatures vanquished.

Vanquished Creatures (others)
  2 slaves (D:8)
  A giant gecko (D:10)
  A giant spore (D:8)
  A rat (D:8)
  12 fungi
17 creatures vanquished.

Grand Total: 709 creatures vanquished

Notes
Turn   | Place    | Note
--------------------------------------------------------------
     0 | D:1      | Malachi, the Gargoyle Monk, began the quest for the Orb.
     0 | D:1      | Reached XP level 1. HP: 12/12 MP: 0/0
    84 | D:1      | Reached XP level 2. HP: 15/17 MP: 1/1
   736 | D:2      | Reached XP level 3. HP: 18/22 MP: 2/2
  1118 | D:2      | Reached XP level 4. HP: 27/27 MP: 3/3
  1170 | D:2      | Reached skill level 5 in Unarmed Combat
  1417 | D:2      | Reached XP level 5. HP: 27/32 MP: 4/4
  1671 | D:2      | Noticed Crazy Yiuf
  1682 | D:2      | Killed Crazy Yiuf
  2484 | D:3      | Reached XP level 6. HP: 19/37 MP: 5/5
  3461 | D:4      | Found a snail-covered altar of Cheibriados.
  3471 | D:4      | Became a worshipper of Cheibriados the Contemplative
  3471 | D:4      | Acquired Cheibriados' first power
  3579 | D:4      | Found a blossoming altar of Fedhas.
  3587 | D:4      | Noticed an ogre
  3594 | D:4      | Killed an ogre
  3594 | D:4      | Reached skill level 6 in Unarmed Combat
  3594 | D:4      | Reached XP level 7. HP: 41/41 MP: 6/6
  3632 | D:4      | Noticed an ice beast
  3646 | D:4      | Killed an ice beast
  3646 | D:4      | Reached skill level 5 in Dodging
  3812 | D:5      | Entered Level 5 of the Dungeon
  3868 | D:5      | Found an iron altar of Okawaru.
  4170 | D:5      | Found a shimmering altar of Xom.
  4171 | D:5      | Found a shimmering altar of Xom.
  4257 | D:5      | Reached skill level 5 in Fighting
  4257 | D:5      | Reached XP level 8. HP: 48/48 MP: 7/7
  4603 | D:6      | Acquired Cheibriados' second power
  4645 | D:6      | Reached skill level 7 in Unarmed Combat
  4697 | D:6      | Found a staircase to the Ecumenical Temple.
  5063 | D:6      | Noticed an oklob plant
  5227 | D:6      | Acquired Cheibriados' third power
  5948 | D:7      | Found a sand-covered staircase.
  5959 | Ossuary  | Entered an ossuary
  5983 | Ossuary  | Reached skill level 5 in Stealth
  6548 | D:7      | Reached skill level 8 in Unarmed Combat
  6548 | D:7      | Reached skill level 1 in Invocations
  6574 | D:7      | Reached XP level 9. HP: 52/52 MP: 9/9
  6910 | D:7      | Acquired Cheibriados' fourth power
  7293 | D:8      | Noticed Psyche
  7338 | D:8      | Noticed Pikel
  7356 | D:8      | Killed Pikel
  7548 | D:8      | Found Ifro Sapp's Antique Weapon Shop.
  7818 | D:8      | Killed Psyche
  8009 | D:8      | Reached skill level 9 in Unarmed Combat
  8248 | D:8      | Reached XP level 10. HP: 31/59 MP: 16/16
  8411 | D:8      | Got a bloodstained robe
  8444 | D:8      | Identified the +0 robe "Xoqyrukk" {Str+5 Int+3 Acc+2} (You found it on level 8 of the Dungeon)
  8460 | D:8      | Found a bloodstained altar of Trog.
  8691 | D:8      | Found a snail-covered altar of Cheibriados.
  8783 | D:9      | Reached skill level 5 in Invocations
  9173 | D:9      | Found a white marble altar of Elyvilon.
  9863 | D:9      | Noticed Joseph
  9871 | D:9      | Killed Joseph
  9871 | D:9      | Reached skill level 10 in Unarmed Combat
 10013 | D:9      | Noticed Dowan
 10016 | D:9      | Reached XP level 11. HP: 53/64 MP: 20/20
 10028 | D:9      | Killed Dowan
 10120 | D:9      | Noticed Maurice
 10127 | D:9      | Killed Maurice
 10130 | D:9      | Got a brightly glowing falchion {holy}
 10132 | D:9      | Identified the falchion of Corporal Punishment {holy, rN+ Stlth--} (You took it off an orc wizard on level 9 of the Dungeon)
 10193 | D:9      | Noticed Duvessa
 10196 | D:9      | Killed Duvessa
 10913 | D:10     | Entered Level 10 of the Dungeon
 10922 | D:10     | Noticed a hill giant
 10933 | D:10     | Killed a hill giant
 11010 | D:10     | Noticed Fannar
 11025 | D:10     | Killed Fannar
 11102 | D:10     | Found a staircase to the Lair.
 11744 | Lair:1   | Entered Level 1 of the Lair of Beasts
 11785 | Lair:1   | Noticed a seven-headed hydra
 11799 | Lair:1   | HP: 3/65 [seven-headed hydra (3)]
 11804 | Lair:1   | Killed a seven-headed hydra
 11804 | Lair:1   | Reached skill level 11 in Unarmed Combat
 12039 | Lair:1   | Paralysed by a potion of paralysis for 3 turns
 12045 | Lair:1   | Gained mutation: Your muscles are strong (Str +1). [potion of mutation]
 12045 | Lair:1   | Gained mutation: Your digestive system is specialised to digest meat. [potion of mutation]
 12045 | Lair:1   | Gained mutation: You are frail (-10% HP). [potion of mutation]
 12046 | Lair:1   | Lost mutation: Your digestive system is specialised to digest meat. [potion of mutation]
 12046 | Lair:1   | Gained mutation: You occasionally shout uncontrollably. [potion of mutation]
 12046 | Lair:1   | Gained mutation: Your body is slowly deteriorating. [potion of mutation]
 12251 | Lair:1   | Noticed Gastronok
 12265 | Lair:1   | Killed Gastronok
 12265 | Lair:1   | Reached XP level 12. HP: 41/63 MP: 23/23
 12732 | Lair:1   | Lost mutation: Your body is slowly deteriorating. [potion of cure mutation]
 12732 | Lair:1   | Lost mutation: You occasionally shout uncontrollably. [potion of cure mutation]
 12732 | Lair:1   | Lost mutation: You are frail (-10% HP). [potion of cure mutation]
 12732 | Lair:1   | Lost mutation: Your muscles are strong (Str +1). [potion of cure mutation]
 12961 | Lair:2   | Noticed an eight-headed hydra
 12970 | Lair:2   | Killed an eight-headed hydra
 12970 | Lair:2   | Reached skill level 10 in Dodging
 13218 | Lair:2   | Paralysed by you for 5 turns
 13515 | Lair:2   | Noticed a seven-headed hydra
 13519 | Lair:2   | Killed a seven-headed hydra
 15318 | Lair:3   | Reached skill level 10 in Invocations
 15725 | Lair:3   | Reached skill level 12 in Unarmed Combat
 16313 | Lair:5   | Noticed a four-headed hydra
 16327 | Lair:5   | Killed a four-headed hydra
 16327 | Lair:5   | Reached XP level 13. HP: 19/76 MP: 26/26
 16327 | Lair:5   | HP: 3/76 [boring beetle (16)]
 16641 | Lair:5   | Got a smoking copper ring
 16642 | Lair:5   | Identified the ring of Winter {MP+9 Acc+2} (You found it on level 5 of the Lair of Beasts)
 16674 | Lair:5   | Noticed a seven-headed hydra
 16681 | Lair:5   | Found a staircase to the Shoals.
 16687 | Lair:5   | Killed a seven-headed hydra
 16711 | Lair:5   | Found a hole to the Spider Nest.
 16856 | Spider:1 | Entered Level 1 of the Spider Nest
 18792 | Spider:1 | HP: 1/77 [disintegration (24)]
 19991 | Lair:6   | Reached skill level 10 in Stealth
 20103 | Lair:6   | Reached skill level 13 in Unarmed Combat
 20196 | Lair:6   | Gained mutation: Your wings are large and strong. [gargoyle growth]
 20196 | Lair:6   | Reached XP level 14. HP: 49/83 MP: 28/28
 20643 | Lair:6   | Identified a scroll of acquirement
 20648 | Lair:6   | Got a dazzling helmet
 20652 | Lair:6   | Identified the -5 helmet "Inouq" {rPois Dam-1 Stlth--} (You acquired it on level 6 of the Lair of Beasts)
 21341 | Lair:7   | Mangled by a death yak

Action                   |  1- 3 |  4- 6 |  7- 9 | 10-12 | 13-15 || total
-------------------------+-------+-------+-------+-------+-------++-------
Melee: Unarmed           |   108 |   261 |   376 |   691 |   394 ||  1830
Invok: Slouch            |       |       |       |    12 |    18 ||    30
       Bend Time         |       |       |       |     1 |       ||     1
Evoke: Wand              |       |       |     1 |    12 |     1 ||    14
  Use: Scroll            |       |     3 |     6 |    17 |     7 ||    33
       Potion            |       |       |     3 |    15 |     2 ||    20
 Stab: Sleeping          |     1 |     4 |    17 |    36 |    10 ||    68
       Distracted        |       |       |     1 |     6 |     1 ||     8
